 Dungeon Crawl Stone Soup version 0.31-a0-325-g067879e3d3 (webtiles) character file.

Game seed: 3722272832306749796

163 cforsyth the Changeling (level 5, 0/38 (41) HPs)
             Began as a Vampire Shapeshifter on July 18, 2023.
             Slain by a gnoll
             ... wielding a +0 flail
              (5 damage)
             ... on level 4 of the Dungeon.
             The game lasted 00:03:26 (2488 turns).

cforsyth the Changeling (Vampire Shapeshifter)      Turns: 2488, Time: 00:03:26

HP:   0/38 (41)     AC: 10    Str: 16    XL:     5   Next: 20%
MP:   5/5           EV: 10    Int: 10    God:
Gold: 132           SH:  0    Dex: 15    Spells: 4/4 levels left

rFire   . .          .
                       - Unarmed
rCold   . . .        (no shield)
rNeg    . . .        k - +0 scale mail
rPois   .            (no helmet)
rElec   .            (no cloak)
rCorr   .            f - +0 pair of gloves
SInv    +            i - +2 pair of boots
Will    .....        (no amulet) Stlth
                     (no ring)
HPRegen 0.46/turn    (no ring)
MPRegen 0.09/turn

%: no passive effects
@: healing quickly, drained
A: alive, fangs 3, see invisible, vampiric 2
a: Exsanguinate


You were on level 4 of the Dungeon.
You visited 1 branch of the dungeon, and saw 4 of its levels.

You collected 132 gold pieces.

Inventory:

Armour
 a - a +0 animal skin
 f - a +0 pair of gloves (worn)
 i - a +2 pair of boots (worn)
 k - a +0 scale mail (worn)
Jewellery
 o - a ring of positive energy
Talismans
 c - a beast talisman
Wands
 r - a wand of mindburst (17)
Scrolls
 d - 4 scrolls of identify {unknown}
 h - a scroll of fog {unknown}
 j - 2 scrolls of fear {unknown}
 l - a scroll of blinking {unknown}
 n - 2 scrolls of teleportation {unknown}
 q - a scroll of amnesia {unknown}
Potions
 b - 2 potions of ambrosia {unknown}
 e - a potion of haste {unknown}
 g - a potion of heal wounds {unknown}
 m - 2 potions of attraction {unknown}
 p - a potion of resistance {unknown}


   Skills:
 + Level 3.2 Fighting
 - Level 2.1 Dodging
 + Level 3.8 Unarmed Combat
 + Level 4.2 Shapeshifting


You had 4 spell levels left.
You didn't know any spells.
Your spell library was empty.

Dungeon Overview and Level Annotations

Branches:
Dungeon (4/15)
 Temple: D:4-7

Altars:
Uskayaw

Shops:
D:2 (

Annotations:
D:3 3 runed translucent doors, cforsyth's ghost, amateur MeFi


Innate Abilities, Weirdness & Mutations

Your natural rate of healing is accelerated.
You have razor-sharp teeth.
You have supernaturally acute eyesight. (SInv)
You are afflicted with vampirism and can become a bat while bloodless.


Message History

The kobold hits you but does no damage.
A gnoll comes into view. It is wielding a +2 halberd of flaming.
The gnoll shouts!
You hit the kobold.
You kill the kobold!
Found a stone staircase leading down.
The gnoll hits you with a +0 spear.
Things that are here:
a +0 short sword; a kobold corpse You punch the gnoll!
The gnoll is heavily wounded.
The gnoll barely misses you. The gnoll misses you.
You hit the gnoll. You bite the gnoll.
The gnoll is severely wounded.
The gnoll hits you with a +0 spear. The gnoll hits you but does no damage.
The gnoll hits you with a +0 flail.
You hit the gnoll.
You kill the gnoll!
The gnoll completely misses you. The gnoll barely misses you.
You completely miss the gnoll. Your bite misses the gnoll.
The gnoll hits you from afar with a +2 halberd of flaming.
The gnoll burns you. The gnoll closely misses you.
You hit the gnoll.
The gnoll is moderately wounded.
The gnoll barely misses you. x2
You closely miss the gnoll. You bite the gnoll.
The gnoll is moderately wounded.
The gnoll misses you. The gnoll barely misses you.
You barely miss the gnoll. You punch the gnoll, but do no damage.
The gnoll is moderately wounded.
The gnoll hits you from afar with a +2 halberd of flaming!
The gnoll burns you. The gnoll hits you with a +0 flail!
* * * LOW HITPOINT WARNING * * *
You are too injured to fight recklessly!
You are too injured to fight recklessly!
You are too injured to fight recklessly!
You are too injured to fight recklessly!
You are too injured to fight recklessly!
You are too injured to fight recklessly!
The gnoll attacks as you move away! The gnoll hits you with a +0 flail.
You die...

### #####
.. #..<# .#
#...##.####
#...g@....#
#.g)##.##.#
#..)# .#
#.... .#
##...#.#
#.....#
#.#.### #.
.. .. .>


You could see 2 gnolls.

Vanquished Creatures
  An orc priest (D:3)
  A gnoll (D:4)
  4 adders
  2 worms
  A dart slug (D:2)
  4 orcs (D:3)
  9 bats
  8 endoplasms
  5 giant cockroaches
  6 goblins
  4 hobgoblins
  3 quokkas
  6 ball pythons
  2 frilled lizards
  11 kobolds
  9 rats
76 creatures vanquished.

Notes
Turn   | Place    | Note
-------+----------+-------------------------------------------
     0 | D:1      | cforsyth the Vampire Shapeshifter began the quest for the
                  | Orb.
     0 | D:1      | Reached XP level 1. HP: 16/16 MP: 1/1
   113 | D:1      | Reached XP level 2. HP: 22/22 MP: 2/2
   682 | D:1      | Found a faded altar of an unknown god.
   869 | D:2      | Gained mutation: You are afflicted with vampirism and can
                  | become a bat while bloodless. [Vampire growth]
   869 | D:2      | Reached XP level 3. HP: 28/28 MP: 3/3
   901 | D:2      | Found a hide-covered altar of Uskayaw.
  1076 | D:2      | Found Ucugamp's Antique Weapon Emporium.
  1690 | D:2      | Reached XP level 4. HP: 34/34 MP: 4/4
  1806 | D:3      | Reached skill level 4 in Shapeshifting
  1889 | D:3      | Found a runed translucent gate.
  2026 | D:3      | Reached XP level 5. HP: 34/38 MP: 5/5
  2401 | D:3      | Found a runed translucent gate.
  2401 | D:3      | Noticed cforsyth's ghost (amateur MeFi)
  2436 | D:3      | Found a runed translucent gate.
  2438 | D:3      | Identified the +1 sling "Wegovauma" {flame, rF++ rC+++
                  | Str+3 Int-3}
  2438 | D:3      | Identified the +2 leather armour of Morality {Int+5}
  2488 | D:4      | Slain by a gnoll

Illustrated notes

Levels and vault maps discovered:
D:1:      eino_arrival_tree_alley, layout_loops_ring,
          dreamdust_ecumenical_altar_hidden_monk_grotto,
          grunt_decor_mini_mirrors, minmay_pentomino_s4
D:2:      layout_basic, serial_shops, shop, basic_altar
D:3:      layout_basic, biasface_ghost_orc_armoury, chequers_garden,
          minmay_misc_feat_columns, nicolae_kite_square_tiling_tiny
D:4:      layout_basic

Skill      XL: |  1  2  3  4 |
---------------+-------------+-----
Fighting       | 2 3 |  3.2
Unarmed Combat | 3 |  3.8
Shapeshifting  | 4 |  4.2
Dodging        | |  2.1

Action                     |  1- 3 |  4- 6 || total
---------------------------+-------+-------++-------
  Melee: Unarmed           |   133 |   105 ||   238
         Bite              |    11 |     9 ||    20
         Punch             |     2 |     3 ||     5
    Use: Potion            |       |     1 ||     1
   Stab: Sleeping          |     4 |       ||     4
 Armour: Animal skin       |     9 |       ||     9
         Scale mail        |    36 |    54 ||    90
         Skin              |       |     8 ||     8
  Dodge: Dodged            |    84 |    66 ||   150
         Form:             |     1 |       ||     1

Table legend: (Time is in decaauts)
 A = Elapsed time spent in this place.
 B = Non-inter-level travel time spent in this place.
 C = Inter-level travel time spent in this place.
 D = Time resting spent in this place.
 E = Time spent auto-exploring this place.
 F = Levels seen in this place.
 G = Mean time per level.
                   A        B        C        D        E       F      G
               +--------+--------+--------+--------+--------+-----+--------+
         Total |   2473 |   2348 |    125 |      0 |   1877 |   4 |  618.2 |
       Dungeon |   2473 |   2348 |    125 |      0 |   1877 |   4 |  618.2 |
               +--------+--------+--------+--------+--------+-----+--------+

Top non-repeatable levels by time:
     D:2: 927 daAuts
     D:1: 845 daAuts
     D:3: 681 daAuts
     D:4: 18 daAuts
